 Dungeon Crawl Stone Soup version 0.31-a0-1338-gb567cfd (webtiles) character file.

Game seed: 11611493435864559810

1435 sdynet the Fighter (level 8, -5/98 HPs)
             Began as an Oni Gladiator on Dec 21, 2023.
             Was an Initiate of Nemelex Xobeh.
             Slain by a gnoll sergeant
             ... wielding a +6 trident of freezing
              (13 damage)
             ... on level 5 of the Dungeon.
             The game lasted 00:20:45 (5320 turns).

sdynet the Fighter (Oni Gladiator)                  Turns: 5320, Time: 00:20:47

Health: -5/98      AC:  3    Str: 19    XL:     8   Next: 73%
Magic:  9/9        EV: 11    Int:  9    God:    Nemelex Xobeh [......]
Gold:   368        SH:  0    Dex: 18    Spells: 7/7 levels left

rFire   + . .        d - +2 trident (freeze)
rCold   . . .        (no shield)
rNeg    + . .        q - +0 robe
rPois   .            u - +0 hat
rElec   .            (no cloak)
rCorr   .            (gloves unavailable)
SInv    .            (boots unavailable)
Will    +....        A - macabre finger necklace {Finger+ rN+}
Stlth   ++           x - +6 ring of dexterity
HPRegen 0.36/turn    B - ring of willpower
MPRegen 0.11/turn    o - ring of protection from fire

%: no passive effects
@: no status effects
A: drunken brawling, large, unfitting armour, horns 1, tough skin 1, double
potion healing, wild magic 2
a: Renounce Religion, Draw Escape, Draw Destruction, Draw Summoning


You were on level 5 of the Dungeon.
You worshipped Nemelex Xobeh.
Nemelex Xobeh was noncommittal.
You visited 2 branches of the dungeon, and saw 7 of its levels.

You collected 368 gold pieces.

Inventory:

Hand Weapons
 a - a +0 long sword
 b - a +0 sling
 c - a +0 dagger
 d - a +2 trident of freezing (weapon)
 i - a +0 rapier
 t - a +2 flail of holy wrath
Missiles
 Z - 5 poisoned darts
Armour
 g - an orb of energy
 q - a +0 robe (worn)
 u - a +0 hat (worn)
Magical Staves
 y - a staff of air
Jewellery
 f - an amulet of faith
 h - a +6 ring of intelligence
 j - a +6 ring of dexterity
 l - an amulet of reflection
 o - a ring of protection from fire (on amulet)
 w - an amulet of the acrobat
 x - a +6 ring of dexterity (left hand)
 A - the macabre finger necklace (around neck) {Finger+ rN+}
   (You found it on level 5 of the Dungeon)

   [amulet of nothing]

   Finger+:   It enables you to equip an extra ring.
   rN+:       It protects you from negative energy.
 B - a ring of willpower (right hand)
Scrolls
 k - a scroll of fog {!r}
 m - a scroll of torment
Potions
 r - a potion of resistance {!q}


   Skills:
 - Level 12.2 Fighting
 - Level 3.2 Long Blades
 + Level 0.1 Polearms
 - Level 2.0 Throwing
 - Level 3.0 Dodging
 - Level 3.0 Stealth
 + Level 2.1 Invocations


You had 7 spell levels left.
You didn't know any spells.
Your spell library contained the following spells:

 Spells                   Type           Power      Damage    Failure   Level
 Animate Armour           Summ/Erth      0%         N/A       99%         4
 Summon Lightning Spire   Summ/Air       0%         N/A       99%         4
 Lee's Rapid Deconstruct  Erth           0%         3d4*      100%        5


Dungeon Overview and Level Annotations

Branches:
Dungeon (6/15)             Temple (1/1) D:5

Altars:
Ashenzari
Cheibriados
Dithmenos
Fedhas
Kikubaaqudgha
Makhleb
Nemelex Xobeh
Okawaru
Ru
Sif Muna
Vehumet
Xom
Yredelemnul
Zin
The Shining One
Lugonu

Annotations:
D:3 exclusions: door, 2 orcs, orc priest and orc wizard
D:5 exclusion: hound, Edmund
D:6 exclusion: black bear, Jeremiah


Innate Abilities, Weirdness & Mutations

Whenever you drink a potion that restores your health or magic, you attack all enemies around you.
You are too large for most types of armour.
You have a pair of small horns on your head.
You have tough skin. (AC +1)
Whenever you drink a potion that restores your health or magic, it restores twice as much.
Your spells are harder to cast, but more powerful.


Message History

You start resting.
A gnoll sergeant is nearby!
Okay, then.
As you read the scroll of torment, it crumbles to dust.
Your body is wracked with pain!
* * * LOW HITPOINT WARNING * * *
The gnoll sergeant convulses!
Throw: 7 darts (poison)
Press: ? - help, Shift-Dir - straight line, f/p - gnoll sergeant
Aim: a gnoll sergeant, wielding a +6 trident of freezing and wearing a +0 scale mail (heavily wounded, 72% to hit)
You throw a poisoned dart.
The poisoned dart hits the gnoll sergeant.
The gnoll sergeant is poisoned.
The gnoll sergeant is heavily wounded.
Throw: 6 darts (poison)
Press: ? - help, Shift-Dir - straight line, f/p - gnoll sergeant
Aim: a gnoll sergeant, wielding a +6 trident of freezing and wearing a +0 scale mail (heavily wounded, poisoned, 72% to hit)
You throw a poisoned dart.
The poisoned dart hits the gnoll sergeant.
The gnoll sergeant looks even sicker.
The gnoll sergeant is heavily wounded.
Throw: 5 darts (poison)
Press: ? - help, Shift-Dir - straight line, f/p - gnoll sergeant
Aim: a gnoll sergeant, wielding a +6 trident of freezing and wearing a +0 scale mail (heavily wounded, very poisoned, 72% to hit)
Okay, then.
The gnoll sergeant attacks as it pursues you!
The gnoll sergeant hits you from afar with a +6 trident of freezing!!
* * * LOW HITPOINT WARNING * * *
The gnoll sergeant freezes you.
* * * LOW HITPOINT WARNING * * *
Okay, then.
Okay, then.
Throw: large rock
Press: ? - help, Shift-Dir - straight line, f/p - gnoll sergeant
Aim: a gnoll sergeant, wielding a +6 trident of freezing and wearing a +0 scale mail (heavily wounded, very poisoned, 72% to hit)
You throw a large rock.
The large rock closely misses the gnoll sergeant.
The gnoll sergeant hits you from afar with a +6 trident of freezing!
You die...
Your body disappears without a glow.

#.......# #.# #.##..##...## #.#
#..##.#.# #.# #.##..#.###.###.#
##.##.#.# #.# #.##...## ##.##.#
##.##.#.###.####.##..# #####.#.#
.....................# #.......#
............########.###.###.###
##.##.#.##.## #..##.##.##
#.##.#.#...########.#>#.#.##
#.##.#.........@.g<((.(..##
#.##.###...########.######
#.##.####.## #.# #.##......# #.#
#<........#########.#
#########...........#
#############


You could see a gnoll sergeant (very poisoned).

Vanquished Creatures
  A water moccasin (D:6)
  2 ogres
  2 black bears
  A kobold brigand (D:6)
  2 bullfrogs
  2 scorpions (D:5)
  2 jellies
  4 hounds
  A gnoll bouda (D:5)
  2 orc priests (D:6)
  An orc wizard (D:5)
  4 iguanas
  9 gnolls
  5 adders
  A bombardier beetle (D:6)
  A white imp (D:6)
  2 ufetubi (D:5)
  4 worms
  5 dart slugs
  7 orcs
  9 ball pythons
  9 endoplasms
  3 giant cockroaches
  6 goblins
  10 hobgoblins
  4 jackals
  2 bats (D:2)
  6 frilled lizards
  6 kobolds
  4 rats
117 creatures vanquished.

Notes
Turn   | Place    | Note
-------+----------+-------------------------------------------
     0 | D:1      | sdynet the Oni Gladiator began the quest for the Orb.
     0 | D:1      | Reached XP level 1. HP: 22/22 MP: 1/1
   108 | D:1      | Reached skill level 3 in Fighting
   112 | D:1      | Reached XP level 2. HP: 27/31 MP: 2/2
   161 | D:1      | Reached skill level 1 in Stealth
   501 | D:1      | Reached XP level 3. HP: 39/39 MP: 3/3
   640 | D:2      | Reached skill level 4 in Fighting
   679 | D:2      | Found a glowing silver altar of Zin.
   733 | D:2      | Reached XP level 4. HP: 49/49 MP: 4/4
  1436 | D:3      | Reached skill level 5 in Fighting
  1440 | D:3      | Found a shimmering altar of Xom.
  1555 | D:3      | Reached XP level 5. HP: 43/57 MP: 5/5
  2135 | D:3      | Reached skill level 6 in Fighting
  2284 | D:3      | Reached XP level 6. HP: 68/68 MP: 6/6
  2587 | D:4      | Found an ancient bone altar of Kikubaaqudgha.
  2587 | D:4      | Found a blossoming altar of Fedhas.
  2587 | D:4      | Noticed a black bear
  2604 | D:4      | Killed a black bear
  2605 | D:4      | Reached skill level 7 in Fighting
  3215 | D:5      | Entered Level 5 of the Dungeon
  3220 | D:5      | Noticed Edmund
  3272 | D:5      | Reached skill level 8 in Fighting
  3272 | D:5      | Reached XP level 7. HP: 52/81 MP: 7/7
  3436 | D:5      | Found an iron altar of Okawaru.
  3439 | D:5      | Found the macabre finger necklace {Finger+ rN+}
  3586 | D:5      | Found a staircase to the Ecumenical Temple.
  3634 | D:5      | Reached skill level 9 in Fighting
  3835 | Temple   | Entered the Ecumenical Temple
  4054 | D:5      | Reached skill level 10 in Fighting
  4221 | D:5      | Reached XP level 8. HP: 75/96 MP: 8/8
  4705 | D:6      | Reached skill level 11 in Fighting
  4967 | D:6      | Reached skill level 12 in Fighting
  5080 | D:6      | Found a sparkling altar of Nemelex Xobeh.
  5088 | D:6      | Became a worshipper of Nemelex Xobeh the Trickster
  5145 | D:6      | Reached skill level 1 in Invocations
  5231 | D:6      | Noticed Jeremiah
  5263 | D:6      | Gained mutation: Your spells are a little harder to cast,
                  | but a little more powerful. [potion of mutation]
  5263 | D:6      | Gained mutation: Your spells are harder to cast, but more
                  | powerful. [potion of mutation]
  5320 | D:5      | Slain by a gnoll sergeant

Illustrated notes

Levels and vault maps discovered:
D:1:      minmay_arrival_open_corners, layout_basic
D:2:      layout_rooms, basic_altar
D:3:      layout_basic, nicolae_overflow_crystal_walls
D:4:      layout_loops_ring, grunt_temple_overflow_growth_and_decay
D:5:      layout_loops_ring, kennysheep_okawaru_gauntlet,
          minmay_temple_entry_slanted, uniq_edmund
D:6:      layout_rooms, kennysheep_mini_moat, lemuel_coloured_pillars_altar,
          kennysheep_mini, chequers_temple_overflow_minitemple, uniq_jeremiah
Temple:   corrupted_temple

Skill      XL: |  1  2  3  4  5  6  7  8 |
---------------+-------------------------+-----
Fighting       | 3 4 5 6 8 10 12 | 12.2
Stealth        | 1 2 3 |  3.0
Dodging        | 3 |  3.0
Long Blades    | 3 |  3.2
Invocations    | 2 |  2.1
Polearms       | |  0.1
Throwing       | |  2.0

Action                     |  1- 3 |  4- 6 |  7- 9 || total
---------------------------+-------+-------+-------++-------
  Melee: Long sword        |    68 |   109 |    91 ||   268
         Headbutt          |     7 |    12 |    17 ||    36
         Punch             |       |     1 |     3 ||     4
         Dagger            |       |     1 |     2 ||     3
         Rapier            |       |     1 |       ||     1
         Trident           |       |       |    24 ||    24
   Fire: Sling             |       |    16 |     7 ||    23
  Throw: Throwing net      |     2 |     4 |     4 ||    10
         Dart              |       |    12 |    39 ||    51
         Large rock        |       |       |     2 ||     2
    Use: Scroll            |       |     5 |     6 ||    11
         Potion            |       |     2 |     6 ||     8
   Stab: Sleeping          |     3 |     7 |     4 ||    14
         Distracted        |       |     1 |       ||     1
         Held in net/web   |       |     1 |     1 ||     2
 Armour: Robe              |    32 |    72 |   117 ||   221
  Dodge: Dodged            |    29 |    46 |    86 ||   161
  Block: Other             |     9 |    30 |     1 ||    40

Table legend: (Time is in decaauts)
 A = Elapsed time spent in this place.
 B = Non-inter-level travel time spent in this place.
 C = Inter-level travel time spent in this place.
 D = Time resting spent in this place.
 E = Time spent auto-exploring this place.
 F = Levels seen in this place.
 G = Mean time per level.
                   A        B        C        D        E       F      G
               +--------+--------+--------+--------+--------+-----+--------+
         Total |   5385 |   5142 |    243 |    106 |   3780 |   7 |  769.3 |
       Dungeon |   5365 |   5131 |    234 |    106 |   3780 |   6 |  894.2 |
        Temple |     19 |     10 |      9 |      0 |      0 |   1 |   19.0 |
               +--------+--------+--------+--------+--------+-----+--------+

Top non-repeatable levels by time:
     D:5: 1498 daAuts
     D:3: 1365 daAuts
     D:4: 691 daAuts
     D:1: 624 daAuts
     D:2: 593 daAuts
     D:6: 591 daAuts
  Temple: 19 daAuts
